 Dungeon Crawl Stone Soup version 0.30.1-11-g7821555f0a (webtiles) character file.

Game seed: 16050235364732632628

4003 Scypho the Transmogrifier (level 10, -8/88 HPs)
             Began as a Merfolk Transmuter on Dec 15, 2023.
             Killed from afar by an acid dragon (29 damage)
             ... with a splash of acid
             ... on level 8 of the Dungeon.
             The game lasted 00:34:49 (6713 turns).

Scypho the Transmogrifier (Merfolk Transmuter)      Turns: 6713, Time: 00:34:50

Health: -8/88      AC:  8    Str: 10    XL:     10   Next: 23%
Magic:  17/19      EV: 13    Int: 15    God:
Gold:   373        SH:  5    Dex: 17    Spells: 10/22 levels left

rFire   x .          .
                       - Unarmed
rCold   + + +        (shield currently unavailable)
rNeg    . . .        l - melded +3 leather armour
rPois   +            p - melded +0 hat
rElec   .            (cloak currently unavailable)
rCorr   .            k - melded +1 pair of gloves
SInv    .            (boots currently unavailable)
Will    +....        q - amulet of reflection
Stlth   ++           u - ring of protection from cold
HPRegen 0.34/turn    w - ring of willpower
MPRegen 0.16/turn

%: reflection
@: mighty, ice-form
A: freezing attack, boosted hp, large, (nimble swimmer 2), (mertail)
a: End Transformation


You were on level 8 of the Dungeon.
You were a creature of crystalline ice.
You visited 2 branches of the dungeon, and saw 9 of its levels.
You also visited: Sewer.

You collected 373 gold pieces.

Inventory:

Missiles
 o - a throwing net
Armour
 a - a +0 robe
 e - a +0 cloak
 k - a +1 pair of gloves (melded)
 l - a +3 leather armour (melded)
 p - a +0 hat (melded)
 r - a +0 pair of boots
Jewellery
 q - an amulet of reflection (around neck)
 u - a ring of protection from cold (left front paw)
 v - a ring of protection from fire
 w - a ring of willpower (right front paw)
Wands
 y - a wand of acid (7)
Scrolls
 c - a scroll of teleportation
 i - 2 scrolls of identify
 t - a scroll of vulnerability {unknown}
Potions
 b - 2 potions of lignification
 d - 2 potions of might
 g - a potion of brilliance
 h - a potion of haste
 j - a potion of magic
 m - 2 potions of curing
 n - a potion of flight
 s - a potion of resistance
 x - a potion of berserk rage {unknown}


   Skills:
 - Level 5.0 Fighting
 - Level 6.0 Dodging
 - Level 7.0 Unarmed Combat
 + Level 6.6 Spellcasting
 * Level 11.8 Transmutations
 - Level 3.0 Ice Magic
 - Level 2.0 Poison Magic


You had 10 spell levels left.
You knew the following spells:

 Your Spells              Type           Power      Damage    Failure   Level
a - Beastly Appendage     Tmut           80%        N/A       1%          1
b - Wereblood             Tmut           40%        N/A       1%          2
c - Spider Form           Tmut/Pois      25%        N/A       2%          3
d - Blink                 Tloc           8%         N/A       22%         2
e - Ice Form              Ice/Tmut       27%        N/A       6%          4

Your spell library contained the following spells:

 Spells                   Type           Power      Damage    Failure   Level
 Manifold Assault         Tloc           4%         N/A       80%         4
 Storm Form               Tmut/Air       11%        N/A       100%        7


Dungeon Overview and Level Annotations

Branches:
Dungeon (8/15)             Temple (1/1) D:4            Lair (0/5) D:8
  Sewer (visited)

Altars:
Ashenzari
Dithmenos
Fedhas
Sif Muna
Xom
Yredelemnul
The Shining One


Innate Abilities, Weirdness & Mutations

You are a creature of crystalline ice.
You have a powerful freezing melee attack.
Your maximum health is increased.
Your armour is entirely melded.
You are incapable of wielding weapons or throwing items.
((You are very nimble when in or above water. (Stealth+, EV+, Speed+++)))
((Your lower body shifts to a powerful aquatic tail in water.))


Message History

The gnoll sergeant hits you from afar with a +0 spear!
* * * LOW HITPOINT WARNING * * *
You feel much better. The orc warrior barely misses you.
The gnoll sergeant hits you from afar with a +0 spear.
* * * LOW HITPOINT WARNING * * *
You feel very mighty all of a sudden. The orc warrior closely misses you.
The gnoll sergeant hits you from afar with a +0 spear!
* * * LOW HITPOINT WARNING * * *
You closely miss the orc warrior.
The orc warrior hits you with a +0 scimitar!
* * * LOW HITPOINT WARNING * * *
The gnoll sergeant barely misses you.
You completely miss the orc warrior. You block the orc warrior's attack.
The gnoll sergeant hits you from afar with a +0 spear.
* * * LOW HITPOINT WARNING * * *
You punch the orc warrior! You freeze the orc warrior.
You kill the orc warrior!
You block the gnoll sergeant's attack.
An acid dragon comes into view.
The acid dragon roars!
You block the acid dragon's attack. The acid dragon misses you.
The acid dragon bites you!
* * * LOW HITPOINT WARNING * * *
The acid dragon closely misses you.
The acid dragon attacks as you move away!
The acid dragon bites you!
* * * LOW HITPOINT WARNING * * *
The acid dragon misses you.
You feel much better. The acid dragon closely misses you.
The acid dragon claws you.
* * * LOW HITPOINT WARNING * * *
The gnoll sergeant hits you but does no damage.
The acid dragon attacks as you move away!
The acid dragon bites you!
* * * LOW HITPOINT WARNING * * *
The acid dragon closely misses you. The acid dragon spits acid at you.
The splash of acid hits you!!
You die...

..... #..# #.... #..#
##... #..# ####....
####.#
......#..#####....# #####
#....##.......##.#
....####....######..###.#
.....#......######..# #.#
.....#.###.oggD.Y.>.# #.#
.....# #o############.#
..gg)#####.# #...#
...#oog)...#
######.#######
############
#............# Y.....
.......###....# .Y....
###.#...≈...#.# .Y....
##..#...#..## ...h..
#.##PP.##.#


You could see an acid dragon (catching breath), a gnoll sergeant, a gnoll and 2
orcs.

Vanquished Creatures
  A cyclops (D:8)
  6 yaks (D:8)
  2 orc warriors
  3 ice beasts
  A sky beast (D:7)
  A black bear (D:4)
  An ogre (D:5)
  A phantom (D:5)
  2 bullfrogs
  7 scorpions
  3 wights (D:8)
  3 killer bees (D:7)
  2 howler monkeys
  7 jellies
  5 orc priests
  A bullfrog zombie (D:5)
  A hound (D:5)
  A centaur skeleton (D:5)
  A gnoll bouda (D:7)
  2 scorpion zombies (D:5)
  5 iguanas
  4 orc wizards
  2 hound zombies (D:5)
  8 gnolls (D:7)
  7 adders
  2 river rats
  A shadow imp (D:7)
  An ufetubus (D:6)
  7 worms
  2 dart slugs
  20 orcs
  9 ball pythons
  5 bats
  13 endoplasms
  5 giant cockroaches
  7 hobgoblins
  6 jackals
  4 kobolds
  A quokka (D:4)
  9 frilled lizards
  10 rats
179 creatures vanquished.

Notes
Turn   | Place    | Note
-------+----------+-------------------------------------------
     0 | D:1      | Scypho the Merfolk Transmuter began the quest for the Orb.
     0 | D:1      | Reached XP level 1. HP: 15/15 MP: 3/3
    47 | D:1      | Reached skill level 3 in Transmutations
    88 | D:1      | Reached XP level 2. HP: 15/21 MP: 3/5
   235 | D:1      | Learned a level 2 spell: Wereblood
   462 | D:1      | Reached skill level 4 in Transmutations
   624 | D:1      | Reached XP level 3. HP: 26/26 MP: 4/6
  1716 | D:3      | Learned a level 3 spell: Spider Form
  1725 | D:3      | Reached XP level 4. HP: 28/33 MP: 5/7
  1750 | D:3      | Reached skill level 1 in Poison Magic
  1750 | D:3      | Reached XP level 5. HP: 27/38 MP: 5/9
  1798 | D:3      | Found a broken altar of Ashenzari.
  2139 | D:3      | Reached skill level 5 in Transmutations
  2814 | D:4      | Found a glowing golden altar of the Shining One.
  2829 | D:4      | Reached XP level 6. HP: 9/44 MP: 10/10
  3087 | D:4      | Noticed a black bear
  3097 | D:4      | Killed a black bear
  3314 | D:4      | Reached XP level 7. HP: 37/51 MP: 8/12
  3526 | D:4      | Found a staircase to the Ecumenical Temple.
  3555 | D:4      | Reached skill level 5 in Unarmed Combat
  3558 | Temple   | Entered the Ecumenical Temple
  3828 | D:5      | Entered Level 5 of the Dungeon
  3994 | D:5      | Reached XP level 8. HP: 40/58 MP: 12/14
  4258 | D:5      | Found a glowing drain.
  4265 | Sewer    | Entered a sewer
  4400 | Sewer    | Reached skill level 5 in Dodging
  4467 | Sewer    | Found a viscous altar of Jiyva.
  4664 | D:5      | Learned a level 2 spell: Blink
  4669 | D:5      | Learned a level 4 spell: Ice Form
  4857 | D:6      | Found a shimmering altar of Xom.
  4986 | D:6      | Reached skill level 6 in Transmutations
  4996 | D:6      | Reached skill level 1 in Ice Magic
  5688 | D:7      | Reached skill level 7 in Transmutations
  5688 | D:7      | Reached XP level 9. HP: 65/67 MP: 15/15
  5725 | D:7      | Reached skill level 5 in Fighting
  5748 | D:7      | Reached skill level 8 in Transmutations
  5757 | D:7      | Reached skill level 5 in Spellcasting
  6026 | D:7      | Found a shadowy altar of Dithmenos.
  6066 | D:7      | Reached skill level 9 in Transmutations
  6291 | D:7      | Found a basalt altar of Yredelemnul.
  6292 | D:7      | Found a blossoming altar of Fedhas.
  6459 | D:8      | Found a staircase to the Lair.
  6459 | D:8      | Noticed a cyclops
  6468 | D:8      | Killed a cyclops
  6552 | D:8      | Reached skill level 10 in Transmutations
  6655 | D:8      | Reached XP level 10. HP: 43/74 MP: 14/19
  6660 | D:8      | Reached skill level 11 in Transmutations
  6693 | D:8      | HP: 3/88 [orc warrior/+0 scimitar (17)]
  6713 | D:8      | Killed from afar by an acid dragon

Illustrated notes

Levels and vault maps discovered:
D:1:      roderic_chinese_lattice_arrival, layout_loops_cross,
          minmay_tetromino_t2
D:2:      layout_basic, grunt_ministairs_6
D:3:      layout_basic, lemuel_tele_altar, minmay_misc_feat_iff,
          serial_bayou_lagoon_a
D:4:      layout_basic, overflow_temple_1_default, minmay_temple_entry_junction,
          reono_crystal_passage
D:5:      layout_basic, lightli_sewer_entry_pipes, serial_undead,
          serial_undead_c, serial_undead_b, serial_undead_c, serial_undead_c,
          serial_undead_d, nicolae_kite_square_tiling_tiny
D:6:      layout_gridville, mainiacjoe_overflow_boulevard
D:7:      layout_loops_ring, grunt_temple_overflow_open,
          mainiacjoe_overflow_cross_hatched, corner_web_ring, st_stairs_8
D:8:      layout_basic, grunt_gozag_statues, dpeg_oklobed_lair
Temple:   ebering_the_one_and_only

Skill      XL: |  1  2  3  4  5  6  7  8  9 10 |
---------------+-------------------------------+-----
Transmutations | 3 4 5 7 10 11 | 11.8
Unarmed Combat | 4 6 7 |  7.0
Poison Magic   | 1 2 |  2.0
Spellcasting   | 3 4 6 |  6.6
Fighting       | 2 3 4 5 |  5.0
Dodging        | 3 4 6 |  6.0
Ice Magic      | 2 3 |  3.0

Action                     |  1- 3 |  4- 6 |  7- 9 | 10-12 || total
---------------------------+-------+-------+-------+-------++-------
  Melee: Unarmed           |   111 |   161 |   411 |    39 ||   722
         Headbutt          |    15 |    27 |    55 |       ||    97
         Punch             |     2 |     3 |    14 |       ||    19
         Tailslap          |       |       |     9 |       ||     9
   Cast: Beastly Appendage |    18 |    11 |    27 |       ||    56
         Wereblood         |       |     1 |     8 |     1 ||    10
         Spider Form       |       |     2 |     8 |       ||    10
         Ice Form          |       |       |     2 |     1 ||     3
    Use: Potion            |       |     5 |     1 |     4 ||    10
         Scroll            |       |       |    13 |       ||    13
   Stab: Sleeping          |     5 |       |     1 |       ||     6
 Armour: Robe              |    14 |       |       |       ||    14
         Leather armour    |     8 |    39 |    68 |       ||   115
         Skin              |       |     1 |     1 |     5 ||     7
  Dodge: Dodged            |    57 |    63 |   234 |    21 ||   375
  Block: Other             |       |       |    27 |    13 ||    40
